 Dungeon Crawl Stone Soup version 0.24-a0-264-gf46a388 (webtiles) character file.

Game seed: 3547859237324889826

24 Hasart the Cutter (level 3, -4/23 HPs)
             Began as a Kobold Monk on Apr 20, 2019.
             Killed from afar by a white imp (11 damage)
             ... with a puff of frost
             ... summoned by Natasha
             ... on level 2 of the Dungeon.
             The game lasted 00:01:22 (1310 turns).

Hasart the Cutter (Kobold Monk)                     Turns: 1310, Time: 00:01:23

Health: -4/23      AC:  0    Str:  9    XL:     3   Next: 15%
Magic:  3/3        EV: 17    Int: 11    God:
Gold:   55         SH:  0    Dex: 17    Spells: 2/2 levels left

rFire    . . .     SeeInvis .   (weapon currently unavailable)
rCold    . . .     Gourm    .   (shield currently unavailable)
rNeg     . . .     Faith    .   (armour currently unavailable)
rPois    .         Spirit   .   (helmet currently unavailable)
rElec    .         Reflect  .   (cloak currently unavailable)
rCorr    .         Harm     .   (gloves currently unavailable)
MR       .....                  (boots currently unavailable)
Stlth    ++........             (no amulet)
HPRegen  0.07/turn              (ring currently unavailable)
MPRegen  0.08/turn              (ring currently unavailable)

@: pig-form, slowed
A: small, carnivore
a: no special abilities


You were on level 2 of the Dungeon.
You were completely stuffed.
You were a filthy swine.
You visited 1 branch of the dungeon, and saw 2 of its levels.

You collected 55 gold pieces.

Inventory:

Hand Weapons
 a - a +0 short sword (melded)
Armour
 b - a +0 robe (melded)
Jewellery
 f - a +3 ring of strength (melded)
Scrolls
 d - a scroll of immolation {unknown}
 g - a scroll of remove curse {unknown}
Potions
 e - a potion of curing {unknown}
Comestibles
 c - a ration


   Skills:
 + Level 3.5 Fighting
 * Level 4.6 Short Blades
 + Level 3.9 Dodging
 + Level 3.2 Stealth


You had 2 spell levels left.
You didn't know any spells.
Your spell library was empty.

Dungeon Overview and Level Annotations

Branches:
Dungeon (2/15)

Altars:

Annotations:
D:2 Natasha


Innate Abilities, Weirdness & Mutations

You are small and have problems with some larger weapons.
You are carnivorous and can eat meat at any time.


Message History

You hit Natasha.
Natasha is moderately wounded.
Natasha claws you. The white imp barely misses you.
You barely miss Natasha.
Natasha is lightly wounded.
Natasha zaps a wand.
You turn into a filthy swine.
Your +0 short sword melds into your body.
Your +0 robe melds into your body.
Your +3 ring of strength melds into your body.
You feel weaker. The white imp misses you. Natasha misses you.
You barely miss Natasha.
Natasha is lightly wounded.
The white imp closely misses you. Natasha barely misses you.
You hit Natasha but do no damage.
Natasha is lightly wounded.
The white imp hits you. The white imp freezes you. Natasha claws you!
The white imp gestures at you. The puff of frost hits you!
You die...

########### ......hh5.#
#########.# #.### #.# ...
#.# [.. #.# #.# ###.# #.#
##...#### ##.## #..
#..........
....##.#..#####..########


You could see Natasha and a white imp.

Vanquished Creatures
  A dart slug (D:2)
  2 giant cockroaches (D:1)
  3 goblins (D:1)
  6 hobgoblins (D:1)
  3 bats (D:1)
  4 kobolds (D:1)
  A rat (D:1)
20 creatures vanquished.

Notes
Turn   | Place    | Note
-------+----------+-------------------------------------------
     0 | D:1      | Hasart the Kobold Monk began the quest for the Orb.
     0 | D:1      | Reached XP level 1. HP: 14/14 MP: 1/1
   303 | D:1      | Reached XP level 2. HP: 14/19 MP: 2/2
   949 | D:1      | Reached XP level 3. HP: 21/23 MP: 3/3
  1303 | D:2      | Noticed Natasha
  1310 | D:2      | Killed from afar by a white imp

Levels and vault maps discovered:
D:1:      onia_arrival_pyramid, layout_loops_ring, minivault_23
D:2:      layout_loops_ring, uniq_natasha, uniq_terence

Skill      XL: |  1  2 |
---------------+-------+-----
Stealth        | 3 |  3.2
Fighting       | |  3.5
Short Blades   | |  4.6
Dodging        | |  3.9

Action                   || total
-------------------------++-------
Melee: Short sword       ||    73
       Unarmed           ||     2
 Stab: Sleeping          ||     3
  Eat: Chunk             ||    10
Armor: Robe              ||     3
Dodge: Dodged            ||    55

Table legend:
 A = Non-vault XP
 B = Vault XP
 C = Vault XP percentage of total XP
 D = Non-vault monster count
 E = Vault monster count
 F = Vault count percentage of total count
                 A         B        C        D         E       F
            +---------+---------+-------+---------+---------+-------
      Total |      35 |       0 |   0.0 |      20 |       0 |   0.0
            +---------+---------+-------+---------+---------+-------
        D:1 |      31 |       0 |   0.0 |      19 |       0 |   0.0
        D:2 |       4 |       0 |   0.0 |       1 |       0 |   0.0
            +---------+---------+-------+---------+---------+-------
